 Dungeon Crawl Stone Soup version 0.26-a0-712-ga5a9c9c9d0 (webtiles) character file.

Game seed: 15956962401072393073

298039 jasper the Sniper (level 21, -41/146 HPs)
             Began as a Kobold Hunter on Oct 31, 2020.
             Was the Champion of Okawaru.
             Annihilated by a very large slime creature (76 damage)
             ... on level 1 of the Vaults.
             The game lasted 01:20:09 (49849 turns).

jasper the Sniper (Kobold Hunter)                  Turns: 49849, Time: 01:20:10

Health: -41/146    AC: 28    Str: 16    XL:     21   Next: 85%
Magic:  28/28      EV: 26    Int: 16    God:    Okawaru [******]
Gold:   1465       SH:  0    Dex: 16    Spells: 17/20 levels left

rFire    . . .     SeeInvis +   I - +6 triple crossbow (vorpal)
rCold    + . .     Faith    .   (shield currently unavailable)
rNeg     + . .     Spirit   .   X - +4 chain mail "Foech" {-Cast rElec rPois rN+}
rPois    +         Reflect  .   K - +2 helmet {SInv}
rElec    +         Harm     .   H - scarf {repulsion}
rCorr    .         Rampage  .   B - +2 pair of gloves {archery}
MR       +++..     NoCast   +   N - +2 pair of boots {run}
Stlth    ..........             Z - amulet of regeneration
HPRegen  0.74/turn              j - ring "Fuqiasao" {rElec rC+ EV+4 Dex-2 Slay+3}
MPRegen  0.21/turn              D - ring of the Mage {Wiz MR++ Int+3}

@: marked, repel missiles, quick
A: small, nightstalker 3
}: 2/15 runes: serpentine, barnacled
a: Heroism, Finesse, Renounce Religion


You were on level 1 of the Vaults.
You worshipped Okawaru.
Okawaru was exalted by your worship.
You visited 8 branches of the dungeon, and saw 36 of its levels.

You collected 4464 gold pieces.
You spent 2999 gold pieces at shops.

Inventory:

Hand Weapons
 I - a +6 vorpal triple crossbow (weapon)
 T - the +2 arbalest of Idit {penet, rN+ Dex+6 SInv Stlth-}
   (Okawaru gifted it to you on level 1 of the Elven Halls)

   Ammo fired by it will pass through the targets it hits, potentially hitting
   all targets in its path until it reaches maximum range.
   It affects your dexterity (+6).
   It protects you from negative energy.
   It lets you see invisible.
   It makes you less stealthy.
Missiles
 d - 384 bolts (quivered)
 i - 6 throwing nets
 u - 25 curare-tipped darts
Armour
 c - a +2 cloak of poison resistance
 B - a +2 pair of gloves of archery (worn)
 H - a scarf of repulsion (worn)
 K - a +2 helmet of see invisible (worn)
 N - a +2 pair of boots of running (worn)
 X - the +4 chain mail "Foech" (worn) {-Cast rElec rPois rN+}
   (You found it on level 6 of the Lair of Beasts)

   It insulates you from electricity.
   It protects you from poison.
   It protects you from negative energy.
   It prevents spellcasting.
Jewellery
 j - the ring "Fuqiasao" (left hand) {rElec rC+ EV+4 Dex-2 Slay+3}
   (You took it off a deep elf mage on level 14 of the Dungeon)

   [ring of evasion]

   It affects your evasion (+4).
   It affects your dexterity (-2).
   It affects your accuracy and damage with ranged weapons and melee attacks
   (+3).
   It protects you from cold.
   It insulates you from electricity.
 k - an uncursed ring of resist corrosion
 r - an uncursed ring of protection from cold
 D - the ring of the Mage (right hand) {Wiz MR++ Int+3}
   (You found it on level 9 of the Dungeon)

   [ring of wizardry]

   It improves your spell success rate.
   It affects your intelligence (+3).
   It affects your resistance to hostile enchantments.
 J - an uncursed ring of positive energy
 Y - the ring of Leatauw {rPois Int+3 Dex+6 Slay+3 Stlth+}
   (You took it off a deep elf mage on level 3 of the Elven Halls)

   [ring of dexterity]

   It affects your intelligence (+3).
   It affects your dexterity (+6).
   It affects your accuracy and damage with ranged weapons and melee attacks
   (+3).
   It protects you from poison.
   It makes you more stealthy.
 Z - an amulet of regeneration (around neck)
Wands
 a - a wand of acid (20)
 m - a wand of iceblast (19)
 o - a wand of paralysis (7)
 F - a wand of disintegration (14)
 W - a wand of flame (35)
Scrolls
 e - 9 scrolls of fog
 f - 11 scrolls of enchant armour
 l - 5 scrolls of immolation
 n - 16 scrolls of remove curse
 w - 9 scrolls of magic mapping
 y - a scroll of blinking
 C - 18 scrolls of teleportation
 E - 5 scrolls of fear
 M - 2 scrolls of holy word
 R - a scroll of torment
 U - 2 scrolls of identify
Potions
 g - 2 potions of magic
 p - 5 potions of stabbing
 q - 17 potions of curing
 s - 7 potions of haste
 x - a potion of mutation
 z - 2 potions of might
 A - 9 potions of flight
 G - 2 potions of ambrosia
 L - 2 potions of heal wounds
 Q - 2 potions of invisibility
 S - 2 potions of lignification
 V - 3 potions of resistance
Miscellaneous
 b - a lightning rod (4/4)
 t - a condenser vane (inert)
 v - a phantom mirror


   Skills:
 - Level 20.0 Fighting
 * Level 21.7 Crossbows
 - Level 15.0 Armour
 - Level 20.2 Dodging
 - Level 1.3 Stealth
 - Level 9.4 Invocations
 - Level 11.2 Evocations


You had 17 spell levels left.
You knew the following spells:

 Your Spells              Type           Power        Failure   Level
a - Apportation           Tloc           #.....       56%         1
b - Swiftness             Air            #.......     71%         2

Your spell library contained the following spells:

 Spells                   Type           Power        Failure   Level
 Animate Skeleton         Necr           #.....       56%         1
 Corona                   Hex            #......      56%         1
 Freeze                   Ice            #...         56%         1
 Magic Dart               Conj           #...         56%         1
 Shock                    Conj/Air       #...         56%         1
 Summon Small Mammal      Summ           #...         56%         1
 Ensorcelled Hibernation  Hex/Ice        #.....       71%         2
 Searing Ray              Conj           #.....       71%         2
 Confusing Touch          Hex            #.......     89%         3
 Dazzling Flash           Conj/Hex       #.....       89%         3
 Frozen Ramparts          Ice            #.....       89%         3
 Gell's Gravitas          Tloc           #.........   89%         3
 Ignite Poison            Fire/Tmut/Pois #.......     89%         3
 Lesser Beckoning         Tloc           #.........   89%         3
 Ozocubu's Armour         Ice            #.......     89%         3
 Portal Projectile        Hex/Tloc       #.....       89%         3
 Static Discharge         Conj/Air       #.......     89%         3
 Tukima's Dance           Hex            #.......     89%         3
 Airstrike                Air            #.........   99%         4
 Animate Dead             Necr           #.........   99%         4
 Cause Fear               Hex            #.........   99%         4
 Dispel Undead            Necr           #.......     99%         4
 Fulminant Prism          Conj/Hex       #.........   99%         4
 Hailstorm                Conj/Ice       #.......     99%         4
 Iskenderun's Mystic Bla  Conj/Tloc      #.......     99%         4
 Summon Ice Beast         Ice/Summ       #.......     99%         4
 Summon Lightning Spire   Summ/Air       #.......     99%         4
 Agony                    Necr           #.......     100%        5
 Alistair's Intoxication  Tmut/Pois      #........    100%        5
 Borgnjor's Vile Clutch   Necr/Erth      #.........   100%        5
 Fireball                 Conj/Fire      #.........   100%        5
 Lightning Bolt           Conj/Air       #.........   100%        5
 Silence                  Hex/Air        #.........   100%        5
 Yara's Violent Unravell  Hex/Tmut       #.........   100%        5
 Conjure Ball Lightning   Conj/Air       #.........   100%        6
 Death Channel            Necr           #.........   100%        6
 Dispersal                Tloc           #.........   100%        6
 Invisibility             Hex            #.......     100%        6
 Simulacrum               Ice/Necr       #.........   100%        6
 Starburst                Conj/Fire      #.........   100%        6
 Discord                  Hex            #.........   100%        8
 Disjunction              Tloc           #.........   100%        8
 Ignition                 Fire           #.........   100%        8
 Shatter                  Erth           #.........   100%        9
 Tornado                  Air            #.........   100%        9


Dungeon Overview and Level Annotations

Branches:
Dungeon (15/15)            Temple (1/1) D:5            Lair (6/6) D:8
 Shoals (4/4) Lair:2        Snake (4/4) Lair:2        Slime (0/5) Lair:5
    Orc (2/2) D:12            Elf (3/3) Orc:2        Vaults (1/5) D:13
 Depths (0/5) D:15

Altars:
Cheibriados
Dithmenos
Elyvilon
Fedhas
Gozag
Hepliaklqana
Kikubaaqudgha
Makhleb
Nemelex Xobeh
Okawaru
Qazlal
Ru
Sif Muna
Trog
Uskayaw
Vehumet
Wu Jian
Xom
Yredelemnul
Jiyva
Lugonu

Shops:
D:4 *   D:6 *   D:14 (   Orc:2 *:*(   Shoals:2 :*(   Snake:4 (

Annotations:
D:8 exclusion: Maurice
D:12 Jorgrun
D:14 Roxanne
Lair:2 1 runed translucent door, Elebi's ghost, journeyman DrTm
Lair:3 exclusion: oklob plant
Orc:1 3 runed translucent doors, exclusion: obsidian statue, OTABOTABOTAB's ghost, journeyman MiBe
Elf:2 3 runed translucent doors
Elf:3 1 exclusion


Innate Abilities, Weirdness & Mutations

You are small and have problems with some larger weapons.
You are completely attuned to the shadows.


Message History

The ogre mage looks as sick as possible!
The ogre mage completely misses you.
The very large slime creature completely misses you.
The two-headed ogre is engulfed in poison gas.
The two-headed ogre looks as sick as possible!
The two-headed ogre completely misses you.
The two-headed ogre closely misses you.
The orc knight looks as sick as possible!
The orc knight completely misses you.
The ogre looks as sick as possible!
Unknown command.
You feel much better.
The ogre mage looks as sick as possible!
The ogre mage completely misses you.
The ironbrand convoker is engulfed in poison gas.
The ironbrand convoker looks as sick as possible!
The ironbrand convoker casts a spell at the two-headed ogre.
The two-headed ogre seems to grow stronger.
The very large slime creature hits you!!!!
Ouch! That really hurt!
You die...

....p.O....(.###
...............#
####(##........##
....(.'..........
...§§§#..........
..§§§§# .........
..§§OO# .........
..§§oJ# .........
..§pO@#..........
#######..........
..........
..........
###'##### ###.#
###...# ####.....#
##########..)...###


You could see an orc knight (strong, extremely poisoned), a very large slime
creature (strong), a two-headed ogre (strong, extremely poisoned), an ogre mage
(fast, extremely poisoned), an ironbrand convoker (extremely poisoned) and an
ogre (extremely poisoned).

Vanquished Creatures
  Nikola (Snake:1)
  Rupert (D:15)
  2 deep elf master archers (Elf:3)
  2 deep elf blademasters (Elf:3)
  A kraken (Shoals:4)
  Polyphemus (Shoals:2)
  Frances (D:14)
  Donald (Elf:2)
  Agnes (Snake:1)
  Ilsuiw (Shoals:3)
  7 nagarajas
  Louise (D:15)
  8 deep elf sorcerers
  Aizul (Snake:1)
  5 deep elf elementalists
  2 ironheart preservers (Vaults:1)
  A stone giant (shapeshifter) (Elf:2)
  7 deep elf demonologists
  Azrael (D:15)
  5 deep elf annihilators (Elf:3)
  Snorg (D:13)
  9 deep elf death magi
  A fire dragon (D:15)
  6 merfolk impalers
  6 merfolk javelineers
  3 deep elf high priests (Elf:3)
  Harold (D:7)
  2 ice dragons
  An ogre mage (D:15)
  Fannar (D:12)
  11 naga warriors
  12 hydras
  2 boulder beetles
  10 anacondas
  2 catoblepae
  An alligator snapping turtle (Shoals:4)
  5 vault guards (D:13)
  A merfolk avatar (Shoals:2)
  4 merfolk aquamancers
  4 centaur warriors
  9 two-headed ogres
  4 shock serpents
  14 dancing weapons
  10 death yaks
  19 naga sharpshooters
  6 orc high priests (Orc:2)
  13 deep elf knights
  3 small abominations (Elf:3)
  18 sea snakes
  4 skeletal warriors (D:14)
  An unseen horror (D:14)
  A flayed ghost (Vaults:1)
  A spriggan druid (Elf:1)
  A salamander mystic (Snake:2)
  7 naga ritualists
  22 harpies
  16 deep elf archers
  3 ironbrand convokers (Vaults:1)
  8 orc knights (Orc:2)
  A wolf spider zombie (D:14)
  3 lindwurms (Lair:6)
  3 orc sorcerers
  8 mana vipers
  7 fauns (Shoals:2)
  7 cyclopes
  5 ugly things (D:15)
  18 manticores
  3 salamanders
  13 merfolk sirens
  55 deep elf magi
  Maurice (D:8)
  6 elephants (Lair:6)
  7 torpor snails
  3 centaur zombies
  16 naga magi
  32 black mambas
  5 guardian serpents
  3 vault sentinels (Vaults:1)
  3 gargoyles
  7 water nymphs
  11 cane toads
  A yaktaur (D:13)
  16 komodo dragons
  6 rime drakes
  A tengu conjurer (D:13)
  19 merfolk
  4 tyrant leeches (Lair:6)
  12 trolls
  7 hornets (Lair:6)
  A polar bear (shapeshifter) (Elf:3)
  6 wind drakes
  5 polar bears
  Prince Ribbit (D:8)
  23 blink frogs
  A harpy skeleton (D:12)
  7 snapping turtles
  2 dream sheep (Lair:6)
  3 slime creatures (Vaults:1)
  4 air elementals
  11 water elementals
  A wraith (D:13)
  4 shadows
  A hog (shapeshifter) (Elf:1)
  6 fire elementals
  45 yaks
  5 wyverns
  5 basilisks
  3 wargs
  Menkaure (D:7)
  64 nagas
  20 water moccasins
  Duvessa (D:5)
  3 hell hounds (D:15)
  32 orc warriors
  6 ice beasts
  4 sky beasts
  An eye of draining (D:14)
  6 black bears
  11 ogres
  2 phantoms
  12 centaurs
  13 wolves
  A big kobold (D:12)
  11 bullfrogs
  4 earth elementals
  A gnoll sergeant (D:9)
  Dowan (D:5)
  4 wights (D:10)
  5 killer bees (D:10)
  3 howler monkeys
  An electric eel (Snake:3)
  2 bullfrog zombies
  4 hounds
  2 quasits
  A jelly (D:13)
  A gnoll shaman (D:10)
  25 orc priests
  2 centaur skeletons
  An iguana (D:7)
  13 worker ants
  21 orc wizards
  5 hell rats
  8 ogre zombies (D:12)
  2 hound zombies
  3 hound skeletons
  11 gnolls
  A worker ant zombie (D:5)
  15 adders
  2 white imps
  3 ufetubi
  3 oozes
  3 adder zombies
  An adder skeleton (D:8)
  2 dart slugs
  7 leopard geckos
  80 orcs
  2 ball pythons
  8 bats
  7 giant cockroaches
  9 goblins
  8 hobgoblins
  8 jackals
  11 kobolds
  8 quokkas
  A frilled lizard (D:2)
  A goblin skeleton (D:12)
  2 goblin zombies (D:12)
  3 hobgoblin skeletons (D:12)
  3 hobgoblin zombies (D:12)
  A jackal skeleton (D:6)
  A leopard gecko skeleton (D:4)
  A leopard gecko zombie (D:5)
  4 orc skeletons (D:12)
  12 orc zombies (D:12)
  7 rats
  3 crawling corpses (Elf:3)
  3 tentacles (Shoals:4)
  2 toadstools (D:1)
1240 creatures vanquished.

Vanquished Creatures (others)
  Asterion (Snake:1)
  A mana viper (shapeshifter) (Elf:1)
  A deep elf mage (Elf:1)
  A water nymph (Shoals:4)
  2 nagas (Snake:1)
  An earth elemental (Elf:1)
  35 fungi
  109 plants
  2 tentacles (Shoals:4)
  2 toadstools (D:1)
155 creatures vanquished.

Grand Total: 1395 creatures vanquished

Notes
Turn   | Place    | Note
-------+----------+-------------------------------------------
     0 | D:1      | jasper the Kobold Hunter began the quest for the Orb.
     0 | D:1      | Reached XP level 1. HP: 12/12 MP: 1/1
    77 | D:1      | Reached skill level 5 in Crossbows
   231 | D:1      | Reached XP level 2. HP: 17/17 MP: 2/2
   662 | D:1      | Reached XP level 3. HP: 13/21 MP: 3/3
   954 | D:1      | Reached skill level 6 in Crossbows
  1569 | D:2      | Found a bloodstained altar of Trog.
  1674 | D:2      | Reached XP level 4. HP: 26/26 MP: 4/4
  2058 | D:2      | Found a stormy altar of Qazlal.
  2089 | D:2      | Found a blossoming altar of Fedhas.
  2274 | D:2      | Reached skill level 7 in Crossbows
  2274 | D:2      | Reached XP level 5. HP: 26/30 MP: 5/5
  3416 | D:4      | Reached skill level 8 in Crossbows
  3416 | D:4      | Reached XP level 6. HP: 28/35 MP: 6/6
  3673 | D:4      | Found Qasocadd's Lightly-Used Armoury.
  3678 | D:4      | Bought a -1 triple crossbow for 70 gold pieces
  3920 | D:5      | Entered Level 5 of the Dungeon
  4053 | D:5      | Reached skill level 9 in Crossbows
  4060 | D:5      | Found a staircase to the Ecumenical Temple.
  4069 | Temple   | Entered the Ecumenical Temple
  4108 | Temple   | Became a worshipper of Warmaster Okawaru
  4227 | D:5      | Noticed Duvessa
  4227 | D:5      | Noticed Dowan
  4232 | D:5      | Killed Dowan
  4236 | D:5      | Killed Duvessa
  4236 | D:5      | Reached XP level 7. HP: 27/40 MP: 7/7
  4625 | D:5      | Found a blossoming altar of Fedhas.
  4657 | D:5      | Found an ornate altar of the Wu Jian Council.
  4723 | D:5      | Reached skill level 10 in Crossbows
  5070 | D:6      | Found a shimmering altar of Xom.
  5101 | D:6      | Found a burning altar of Makhleb.
  5136 | D:6      | Reached * piety under Okawaru
  5367 | D:6      | Found a shadowy altar of Dithmenos.
  5367 | D:6      | Found a hazy altar of Hepliaklqana.
  5367 | D:6      | Noticed a shadow
  5407 | D:6      | Found Nyseqewe's General Store.
  5484 | D:6      | Bought a scroll of remove curse for 36 gold pieces
  5506 | D:6      | Reached XP level 8. HP: 38/44 MP: 9/11
  5662 | D:6      | Reached skill level 1 in Armour
  6527 | D:7      | Reached ** piety under Okawaru
  6776 | D:7      | Found a hide-covered altar of Uskayaw.
  6841 | D:7      | Found a basalt altar of Yredelemnul.
  6846 | D:7      | Noticed Menkaure
  6854 | D:7      | Killed Menkaure
  6929 | D:7      | Noticed Harold
  6999 | D:8      | Reached skill level 5 in Dodging
  6999 | D:8      | Reached XP level 9. HP: 25/52 MP: 12/12
  7417 | D:8      | Reached skill level 5 in Fighting
  7422 | D:8      | Noticed Prince Ribbit
  7438 | D:8      | Killed Prince Ribbit
  7438 | D:8      | Reached *** piety under Okawaru
  7438 | D:8      | Received a gift from Okawaru
  7827 | D:8      | Found a staircase to the Lair.
  8054 | D:8      | Noticed Maurice
  8894 | D:9      | You fall into a shaft and drop 3 floors!
  8926 | D:12     | Reached **** piety under Okawaru
  8926 | D:12     | Reached XP level 10. HP: 47/61 MP: 13/13
  8933 | D:12     | Reached skill level 5 in Armour
  9152 | D:10     | Entered Level 10 of the Dungeon
  9206 | D:10     | Received a gift from Okawaru
  9328 | D:9      | Found an ancient bone altar of Kikubaaqudgha.
  9356 | D:9      | Received a gift from Okawaru
  9436 | D:9      | Found the ring of the Mage {Wiz MR++ Int+3}
 10355 | D:10     | Found a shadowy altar of Dithmenos.
 10671 | D:10     | Reached XP level 11. HP: 67/69 MP: 14/14
 10840 | D:10     | Noticed a two-headed ogre
 10853 | D:10     | Killed a two-headed ogre
 11044 | D:10     | Reached skill level 10 in Dodging
 11283 | D:10     | Received a gift from Okawaru
 12341 | D:11     | Noticed a two-headed ogre
 12356 | D:11     | Killed a two-headed ogre
 12356 | D:11     | Reached skill level 10 in Fighting
 12666 | D:8      | Killed Maurice
 12666 | D:8      | Received a gift from Okawaru
 13321 | D:7      | Found a sparkling altar of Nemelex Xobeh.
 13538 | D:7      | Killed Harold
 13791 | D:8      | Found a staircase to the Lair.
 14139 | Lair:1   | Entered Level 1 of the Lair of Beasts
 14327 | Lair:1   | Received a gift from Okawaru
 14555 | Lair:1   | Found a shimmering altar of Xom.
 14575 | Lair:1   | Received a gift from Okawaru
 14647 | Lair:1   | Reached XP level 12. HP: 26/77 MP: 15/15
 15231 | Lair:1   | Noticed a six-headed hydra
 15258 | Lair:1   | Killed a six-headed hydra
 15258 | Lair:1   | Reached skill level 10 in Armour
 16134 | Lair:1   | Received a gift from Okawaru
 16318 | Lair:1   | Reached skill level 11 in Crossbows
 16913 | Lair:2   | Reached skill level 12 in Crossbows
 17184 | Lair:2   | Reached ***** piety under Okawaru
 17207 | Lair:2   | Received a gift from Okawaru
 17390 | Lair:2   | Found a staircase to the Snake Pit.
 17558 | Lair:2   | Noticed a six-headed hydra
 17567 | Lair:2   | Killed a six-headed hydra
 17567 | Lair:2   | Received a gift from Okawaru
 17567 | Lair:2   | Reached skill level 13 in Crossbows
 18148 | Lair:2   | Found a runed translucent door.
 18329 | Lair:2   | Found a staircase to the Shoals.
 18455 | Lair:2   | Noticed Elebi's ghost (journeyman DrTm)
 18563 | Lair:2   | Received a gift from Okawaru
 18572 | Lair:2   | Got a polished arbalest {god gift}
 18573 | Lair:2   | Identified the +7 arbalest of Astrosch {vorpal, *Slow Int-3
                  | Dex+5 SInv} (Okawaru gifted it to you on level 2 of the
                  | Lair of Beasts)
 18653 | Lair:2   | Reached XP level 13. HP: 82/82 MP: 16/16
 18787 | Lair:2   | Identified the +8 spear "Yllonatz" {vorpal, rC+ MR++}
 18941 | Lair:3   | Noticed an eight-headed hydra
 18945 | Lair:3   | Reached skill level 14 in Crossbows
 18950 | Lair:3   | Killed an eight-headed hydra
 19158 | Lair:3   | Reached skill level 15 in Crossbows
 19701 | Lair:3   | Noticed a five-headed hydra
 19708 | Lair:3   | Killed a five-headed hydra
 19708 | Lair:3   | Received a gift from Okawaru
 19848 | Lair:3   | Reached skill level 16 in Crossbows
 20236 | Lair:4   | Noticed a six-headed hydra
 20240 | Lair:4   | Killed a six-headed hydra
 20260 | Lair:4   | Noticed an eight-headed hydra
 20273 | Lair:3   | Killed an eight-headed hydra
 20273 | Lair:3   | Received a gift from Okawaru
 21172 | Lair:4   | Received a gift from Okawaru
 21675 | Lair:4   | Reached skill level 17 in Crossbows
 22402 | Lair:5   | Noticed a boulder beetle
 22412 | Lair:5   | Killed a boulder beetle
 22443 | Lair:5   | Noticed a four-headed hydra
 22448 | Lair:5   | Killed a four-headed hydra
 22625 | Lair:5   | Found a viscous altar of Jiyva.
 22625 | Lair:5   | Found a staircase to the Slime Pits.
 22651 | Lair:5   | Reached XP level 14. HP: 88/88 MP: 17/17
 23030 | Lair:5   | Reached skill level 18 in Crossbows
 23310 | Lair:6   | Entered Level 6 of the Lair of Beasts
 23337 | Lair:6   | Reached skill level 5 in Invocations
 23992 | Lair:6   | Received a gift from Okawaru
 24069 | Lair:6   | Received a gift from Okawaru
 24501 | D:12     | Noticed Fannar
 24506 | D:12     | Killed Fannar
 24506 | D:12     | Received a gift from Okawaru
 24634 | D:12     | Got a steaming plate armour
 24645 | D:12     | Identified the cursed +0 plate armour of Grottiness {Int+3}
                  | (You found it on level 12 of the Dungeon)
 24755 | D:12     | Found a staircase to the Orcish Mines.
 24895 | D:12     | Identified a scroll of acquirement
 24895 | D:12     | Acquired a manual of Fighting
 25313 | D:12     | Noticed Jorgrun
 25341 | Orc:1    | Entered Level 1 of the Orcish Mines
 25552 | Orc:1    | Found a runed translucent gate.
 25553 | Orc:1    | Found a runed translucent gate.
 25553 | Orc:1    | Found an opulent altar of Gozag.
 25554 | Orc:1    | Found a runed translucent gate.
 26192 | Orc:1    | Noticed OTABOTABOTAB's ghost (journeyman MiBe)
 26206 | Orc:2    | Entered Level 2 of the Orcish Mines
 26429 | Orc:2    | Found a staircase to the Elven Halls.
 26538 | Orc:2    | Received a gift from Okawaru
 26777 | Orc:2    | Received a gift from Okawaru
 26881 | Orc:2    | Reached XP level 15. HP: 71/95 MP: 16/22
 26895 | Orc:2    | Received a gift from Okawaru
 27207 | Orc:2    | Received a gift from Okawaru
 27397 | Orc:2    | Found Rahokkass's General Store.
 27398 | Orc:2    | Found Lyusmane's Antique Weapon Shoppe.
 27399 | Orc:2    | Found Sourupim's Book Shoppe.
 27399 | Orc:2    | Found Poodwo's Assorted Antiques.
 27409 | Orc:2    | Bought a manual of Armour for 1545 gold pieces
 27412 | Orc:2    | Bought a potion of curing for 36 gold pieces
 27412 | Orc:2    | Bought a scroll of fear for 42 gold pieces
 27413 | Orc:2    | Bought a potion of haste for 250 gold pieces
 27719 | D:12     | You fall into a shaft and drop 1 floor!
 27884 | D:13     | Found a corrupted altar of Lugonu.
 27917 | D:13     | Noticed Snorg
 27927 | D:13     | Killed Snorg
 28557 | Lair:6   | Found a runed translucent door.
 29280 | Lair:6   | Received a gift from Okawaru
 29364 | Lair:6   | Got a polished chain mail
 29375 | Lair:6   | Identified the +4 chain mail "Foech" {-Cast rElec rPois
                  | rN+} (You found it on level 6 of the Lair of Beasts)
 30104 | D:13     | Reached XP level 16. HP: 106/106 MP: 23/23
 30450 | D:13     | Found a gate to the Vaults.
 30916 | D:14     | Noticed Frances
 30937 | D:14     | Killed Frances
 31034 | D:14     | Found a shimmering altar of Xom.
 31041 | D:14     | Received a gift from Okawaru
 31153 | D:14     | Reached skill level 15 in Fighting
 31283 | D:14     | Found a white marble altar of Elyvilon.
 31411 | D:14     | Identified Roxanne's Collected Works on the Rocks
 31411 | D:14     | Noticed Roxanne
 31681 | D:14     | Identified the ring "Fuqiasao" {rElec rC+ EV+4 Dex-2
                  | Slay+3}
 31828 | D:14     | Found Owkefew's Antique Weapon Boutique.
 31979 | D:14     | Acquired a +0 pair of boots of running
 32011 | D:15     | Entered Level 15 of the Dungeon
 32025 | D:15     | Noticed Louise
 32033 | D:15     | Killed Louise
 32033 | D:15     | Received a gift from Okawaru
 32410 | D:15     | Found a sacrificial altar of Ru.
 32495 | D:15     | Noticed Azrael
 32508 | D:15     | HP: 3/108 [Azrael/damnation (54)]
 32518 | D:15     | Killed Azrael
 32518 | D:15     | Received a gift from Okawaru
 32868 | D:15     | Noticed Rupert
 32875 | D:15     | Killed Rupert
 32939 | D:15     | Found a staircase to the Depths.
 33549 | Snake:1  | Entered Level 1 of the Snake Pit
 33551 | Snake:1  | Noticed Agnes
 33555 | Snake:1  | Killed Agnes
 33555 | Snake:1  | Reached skill level 15 in Dodging
 33555 | Snake:1  | Reached XP level 17. HP: 113/113 MP: 24/24
 33949 | Snake:1  | Reached skill level 15 in Armour
 33952 | Snake:1  | Reached skill level 1 in Evocations
 34178 | Snake:1  | Reached skill level 5 in Evocations
 34205 | Snake:1  | Noticed Aizul
 34206 | Snake:1  | Noticed Asterion
 34226 | Snake:1  | Killed Aizul
 34226 | Snake:1  | Noticed Nikola
 34228 | Snake:1  | HP: 2/113 [Asterion/+0 vampiric demon whip (27)]
 34230 | Snake:1  | Killed Asterion
 34243 | Snake:1  | Killed Nikola
 34243 | Snake:1  | Received a gift from Okawaru
 34771 | Snake:2  | Received a gift from Okawaru
 35111 | Snake:2  | Reached skill level 10 in Evocations
 35227 | Snake:2  | Learned a level 1 spell: Apportation
 35230 | Snake:2  | Learned a level 2 spell: Swiftness
 35252 | Snake:2  | Received a gift from Okawaru
 35614 | Snake:2  | Received a gift from Okawaru
 36144 | Snake:3  | Reached XP level 18. HP: 91/119 MP: 25/25
 36660 | Snake:3  | Reached ****** piety under Okawaru
 37044 | Snake:4  | Entered Level 4 of the Snake Pit
 37381 | Snake:4  | Received a gift from Okawaru
 37416 | Snake:4  | Reached skill level 19 in Crossbows
 37499 | Snake:4  | Received a gift from Okawaru
 37732 | Snake:4  | Found Jyamp's Weapon Boutique.
 39106 | Snake:4  | Reached skill level 20 in Crossbows
 39729 | Snake:4  | Reached skill level 21 in Crossbows
 39767 | Snake:4  | Got a serpentine rune of Zot
 39904 | Shoals:1 | Entered Level 1 of the Shoals
 39906 | Shoals:1 | Received a gift from Okawaru
 40262 | Shoals:1 | Received a gift from Okawaru
 40296 | Shoals:1 | Reached XP level 19. HP: 125/125 MP: 26/26
 40953 | Shoals:2 | Found Voetao's Book Boutique.
 40985 | Shoals:2 | Found Jifif's Assorted Antiques.
 40995 | Shoals:2 | Received a gift from Okawaru
 41011 | Shoals:2 | Bought 3 scrolls of brand weapon for 1020 gold pieces
 41324 | Shoals:2 | Noticed Polyphemus
 41332 | Shoals:2 | Killed Polyphemus
 41544 | Shoals:2 | Found Vinok's Antique Weapon Emporium.
 42162 | Shoals:3 | Noticed Ilsuiw
 42179 | Shoals:3 | Killed Ilsuiw
 43038 | Shoals:4 | Entered Level 4 of the Shoals
 43922 | Shoals:4 | Received a gift from Okawaru
 43925 | Shoals:4 | Got a twisted crystal plate armour {god gift}
 43958 | Shoals:3 | Identified the +11 crystal plate armour of Lethargy {rElec
                  | rC+ Dex-3} (Okawaru gifted it to you on level 4 of the
                  | Shoals)
 44690 | Shoals:4 | Reached XP level 20. HP: 126/139 MP: 21/27
 45139 | Shoals:4 | Got a barnacled rune of Zot
 45643 | Elf:1    | Entered Level 1 of the Elven Halls
 46109 | Elf:1    | Received a gift from Okawaru
 46112 | Elf:1    | Identified the +2 arbalest of Idit {penet, rN+ Dex+6 SInv
                  | Stlth-} (Okawaru gifted it to you on level 1 of the Elven
                  | Halls)
 47201 | Elf:2    | Found a runed translucent gate.
 47202 | Elf:2    | Found a runed translucent gate.
 47207 | Elf:2    | Found a runed translucent gate.
 47338 | Elf:2    | Noticed Donald
 47353 | Elf:2    | Killed Donald
 47694 | Elf:3    | Entered Level 3 of the Elven Halls
 47792 | Elf:3    | Received a gift from Okawaru
 47893 | Elf:3    | Reached XP level 21. HP: 99/146 MP: 24/28
 47897 | Elf:3    | Identified the ring of Leatauw {rPois Int+3 Dex+6 Slay+3
                  | Stlth+}
 48052 | Elf:3    | Identified the amulet of Wopneech {Spirit rElec Str+2 Int+2
                  | Stlth-}
 48081 | Elf:3    | Noticed a Brimstone Fiend
 48091 | Elf:3    | Noticed a Tzitzimitl
 48233 | Elf:3    | Identified the ring of Qequ {rPois rN+ MP+9} (You found it
                  | on level 3 of the Elven Halls)
 48261 | Elf:3    | Got a pair of jewelled boots
 48272 | Elf:3    | Identified the +0 pair of boots of Bespelled Joy {MR+} (You
                  | found it on level 3 of the Elven Halls)
 48319 | Elf:3    | Identified the Reference Book on Unholy Weightlessness
 48723 | Elf:3    | Received a gift from Okawaru
 49701 | Vaults:1 | Entered Level 1 of the Vaults
 49846 | Vaults:1 | Received a gift from Okawaru
 49849 | Vaults:1 | Annihilated by a very large slime creature

Illustrated notes

Levels and vault maps discovered:
D:1:      ldierk_water_garden, layout_basic, minmay_close_crescents
D:2:      layout_rooms, lemuel_crystal_altar,
          grunt_temple_overflow_forces_of_nature, chequers_serial_rivers_micro_d
D:3:      layout_basic
D:4:      layout_gridville, hex_medium, minmay_shop_damaged
D:5:      layout_loops_ring, kennysheep_little_box, minmay_temple_entry_tees,
          basic_altar, uniq_duvessa
D:6:      layout_loops_ring, riverfiend_overflow_shadow_ancestor,
          nicolae_overflow_crystal_walls, serial_shops,
          nicolae_shop_temple_entry_statues_fountains, bloody_makhleb
D:7:      layout_loops_ring, eat_drink_and_be_merry_uskayaw,
          yredelemnul_altar_generic, kennysheep_another_room, nrook_uturn,
          nemelex_lonely_heart_becter, uniq_menkaure, uniq_harold
D:8:      layout_basic, lair_entry_dummy, kennysheep_doodads, uniq_maurice,
          uniq_prince_ribbit1
D:9:      layout_loops_ring, lemuel_crystal_altar, special_room
          [special_room_orc]
D:10:     layout_loops_corners, grunt_dithmenos_smoke
D:11:     layout_rooms, gauntlet_entry_generic
D:12:     layout_cave_pools, zombieorc2_lemuel, uniq_jorgrun, uniq_fannar
D:13:     layout_basic, grunt_vaults_entry_fortified, tgw_lugonu_bribe,
          uniq_snorg
D:14:     nrook_guardian_serpent_snake_passage, layout_small_grid, basic_altar,
          serial_shops, shop, small_statue_intersection, skrybe_limestone_x,
          elyvilon_altar_5, uniq_roxanne, uniq_frances
D:15:     grunt_enter_depths_hoard, layout_gridville, nicolae_ru_awakened_eye,
          uniq_louise, uniq_rupert, uniq_azrael
Temple:   nicolae_temple_hex_pool
Lair:1:   layout_chaotic_city, basic_altar, chequers_serial_rivers_micro_b,
          patterned_corridor, grunt_megastairs_2, serial_bayou_shore_b
Lair:2:   layout_chaotic_city, minmay_shoals_entry_lonely_mermaid,
          minmay_snake_entry_six_corridors, ebering_ghost_funeral_grove,
          infiniplex_staircase_pool_2, lemuel_fruit_tree
Lair:3:   layout_gridlike, minmay_lair_oklob_chamber, infiniplex_staircase_pool
Lair:4:   layout_cave_shapes
Lair:5:   layout_concentric_octagons, slime_altar_1
Lair:6:   hangedman_lair_in_review, layout_layer_cave, wormcave
Shoals:1: layout_shoals
Shoals:2: layout_shoals, serial_shops, shop_fountains, nicolae_shop_waterfront,
          shop, uniq_polyphemus
Shoals:3: layout_shoals, nicolae_shoals_loop_pool, uniq_ilsuiw
Shoals:4: shoals_end_hangedman, layout_shoals
Snake:1:  layout_misc_corridors, grunt_megastairs_3, uniq_agnes, uniq_nikola,
          uniq_aizul, uniq_asterion
Snake:2:  layout_misc_corridors, grunt_megastairs_4
Snake:3:  layout_cave_town, serial_bayou_shore_a
Snake:4:  minmay_snake_end_coiled, layout_basic, serial_shops,
          nicolae_shop_crystal
Orc:1:    layout_caves, ebering_ghost_gozag, guppyfry_library_mini
Orc:2:    st_orc_pillars, layout_caves
Elf:1:    layout_loops_corners, minivault_28, minivault_25, st_stairs_9,
          kilobyte_rumbling_trees
Elf:2:    layout_gridlike, uniq_donald
Elf:3:    grunt_elf_hall_branching, layout_loops_corners, fountainhead
Vaults:1: v_misc_14, v_misc_27, ontoclasm_vaults_shuriken,
          vaults_mumra_minichess_inversion, ontoclasm_vaults_ligature,
          grunt_vaults_funnel, v_misc_33, layout_vaults_omnibox, serial_shops,
          nicolae_shop_trees

Skill      XL: |  1  2  3  4  5  6  7  8  9 10 11 12 13 14 15 16 17 18 19 20 21 |
---------------+----------------------------------------------------------------+-----
Crossbows      | 5 6 7 8 9 10 13 17 18 21 | 21.7
Invocations    | 4 9 |  9.4
Armour         | 2 4 6 9 10 12 14 15 | 15.0
Dodging        | 5 7 9 10 12 15 18 20 | 20.2
Fighting       | 4 6 8 10 11 14 15 19 20 | 20.0
Evocations     | 11 | 11.2
Stealth        | |  1.3

Action                   |  1- 3 |  4- 6 |  7- 9 | 10-12 | 13-15 | 16-18 | 19-21 || total
-------------------------+-------+-------+-------+-------+-------+-------+-------++-------
Melee: Short sword       |    41 |       |       |       |       |       |       ||    41
       Dagger            |    61 |   166 |       |       |       |       |       ||   227
       Rapier            |       |       |   303 |   411 |       |       |       ||   714
 Fire: Hand crossbow     |     7 |       |       |   419 |       |       |       ||   426
       Arbalest          |       |       |       |     5 |   890 |   974 |   967 ||  2836
       Triple crossbow   |       |       |       |       |       |       |   101 ||   101
Throw: Stone             |    24 |    15 |    44 |    27 |       |       |       ||   110
       Boomerang         |       |    28 |     1 |    10 |       |       |       ||    39
Invok: Heroism           |       |       |     2 |    17 |    16 |    10 |       ||    45
       Finesse           |       |       |       |       |     6 |     9 |     4 ||    19
Evoke: Wand              |       |     6 |     8 |     6 |       |       |       ||    20
       Lightning rod     |       |       |       |     4 |       |     4 |       ||     8
       Condenser vane    |       |       |       |       |       |       |     2 ||     2
  Use: Scroll            |       |       |     7 |    11 |    13 |     9 |    15 ||    55
       Potion            |       |       |     1 |     1 |     3 |     7 |     1 ||    13
 Stab: Sleeping          |     6 |     3 |     7 |     5 |       |       |       ||    21
       Paralysed         |       |       |     4 |       |       |       |       ||     4
Armor: Leather armour    |    18 |     7 |       |       |       |       |       ||    25
       Ring mail         |       |    27 |    78 |    91 |       |       |       ||   196
       Scale mail        |       |       |       |    78 |   176 |       |       ||   254
       Chain mail        |       |       |       |       |     2 |   269 |   254 ||   525
Dodge: Dodged            |    62 |    71 |   145 |   490 |   668 |   627 |   703 ||  2766
       Repelled          |       |       |       |       |       |       |    14 ||    14
Block: Other             |     4 |     8 |       |    41 |    37 |       |       ||    90
       Kite shield       |       |    72 |   226 |   372 |       |       |       ||   670
       Reflection        |       |     1 |     2 |     3 |       |       |       ||     6

Table legend: (Time is in decaauts)
 A = Elapsed time spent in this place.
 B = Non-inter-level travel time spent in this place.
 C = Inter-level travel time spent in this place.
 D = Time resting spent in this place.
 E = Time spent auto-exploring this place.
 F = Levels seen in this place.
 G = Mean time per level.
                   A        B        C        D        E       F      G
               +--------+--------+--------+--------+--------+-----+--------+
         Total |  49568 |  46643 |   2925 |   7278 |  31141 |  36 | 1376.9 |
       Dungeon |  19497 |  17960 |   1537 |   2069 |  12618 |  15 | 1299.8 |
        Temple |     60 |     40 |     20 |      0 |     32 |   1 |   60.0 |
          Lair |  12033 |  11428 |    605 |   2334 |   7548 |   6 | 2005.5 |
        Shoals |   5757 |   5458 |    299 |    883 |   3717 |   4 | 1439.2 |
     Snake Pit |   5999 |   5812 |    187 |   1621 |   3163 |   4 | 1499.8 |
  Orcish Mines |   2388 |   2237 |    151 |    277 |   1499 |   2 | 1194.0 |
   Elven Halls |   3679 |   3555 |    124 |     94 |   2504 |   3 | 1226.3 |
        Vaults |    152 |    152 |      0 |      0 |     57 |   1 |  152.0 |
               +--------+--------+--------+--------+--------+-----+--------+

Top non-repeatable levels by time:
 Snake:4: 2637 daAuts
  Lair:2: 2623 daAuts
  Lair:1: 2410 daAuts
Shoals:4: 2341 daAuts
  Lair:6: 2117 daAuts
     D:8: 2017 daAuts
    D:10: 1924 daAuts
  Lair:4: 1865 daAuts
     D:9: 1859 daAuts
   Elf:3: 1720 daAuts
  Lair:3: 1716 daAuts
     D:1: 1573 daAuts
   Orc:2: 1466 daAuts
    D:12: 1409 daAuts
     D:6: 1338 daAuts
